 Dungeon Crawl Stone Soup version 0.28.0-62-gf88900778d (webtiles) character file.

Game seed: 3335925658378442317

63 Froggeryz the Ruffian (level 3, -3/29 HPs)
             Began as a Demigod Transmuter on Sept 27, 2023.
             Slain by Sigmund
             ... wielding a +0 scythe
              (12 damage)
             ... on level 2 of the Dungeon.
             The game lasted 00:02:10 (2237 turns).

Froggeryz the Ruffian (Demigod Transmuter)          Turns: 2237, Time: 00:02:11

Health: -3/29      AC:  2    Str: 15    XL:     3   Next: 61%
Magic:  8/8        EV: 12    Int: 15    God:
Gold:   55         SH:  0    Dex: 14    Spells: 5/6 levels left

rFire   . . .      SeeInvis .     - Unarmed
rCold   . . .      Faith    .   (no shield)
rNeg    . . .      Spirit   .   a - +0 robe
rPois   .          Reflect  .   (no helmet)
rElec   .          Harm     .   (no cloak)
rCorr   .          Rampage  .   (no gloves)
Will    .....                   (no boots)
Stlth   +.........              (no amulet)
HPRegen 0.09/turn               h - ring of flight
MPRegen 0.11/turn               (no ring)

@: confused, on berserk cooldown, flying, slowed, very slow
A: high MP 1, forlorn, divine attributes
a: no special abilities


You were on level 2 of the Dungeon.
You visited 1 branch of the dungeon, and saw 2 of its levels.

You collected 55 gold pieces.

Inventory:

Armour
 a - a +0 robe (worn)
 i - the +5 ring mail "Zaymmad" {rF- Will+ Int+3}
   (You found it on level 2 of the Dungeon)

   Int:       It affects your intelligence (+3).
   rF:        It makes you vulnerable to fire.
   Will:      It increases your willpower.
Jewellery
 h - a ring of flight (left hand)
Scrolls
 b - a scroll of fog {unknown}
 f - a scroll of magic mapping
Potions
 c - 3 potions of resistance {unknown}
 d - a potion of attraction
 e - a potion of berserk rage
 g - 2 potions of heal wounds {unknown}


   Skills:
 + Level 1.6 Fighting
 - Level 2.0 Dodging
 * Level 3.5 Unarmed Combat
 + Level 2.1 Spellcasting
 + Level 2.1 Transmutations


You had 5 spell levels left.
You knew the following spells:

 Your Spells              Type           Power      Damage    Failure   Level
a - Beastly Appendage     Tmut           16%        N/A       9%          1

Your spell library contained the following spells:

 Spells                   Type           Power      Damage    Failure   Level
 Sting                    Tmut/Pois      16%        1d3       14%         1
 Wereblood                Tmut           8%         N/A       14%         2
 Pain                     Necr           4%         1d4       22%         1
 Poisonous Vapours        Pois/Air       2%         N/A       32%         2
 Spider Form              Tmut/Pois      4%         N/A       38%         3
 Ice Form                 Ice/Tmut       4%         N/A       80%         4
 Olgreb's Toxic Radiance  Pois           1%         N/A       91%         4
 Agony                    Necr           1%         N/A       99%         5
 Excruciating Wounds      Necr           0%         N/A       99%         5


Dungeon Overview and Level Annotations

Branches:
Dungeon (2/15)

Shops:
D:2 =

Annotations:
D:2 Sigmund


Innate Abilities, Weirdness & Mutations

You have an increased reservoir of magic. (+10% MP)
You shall have no god before yourself.
Your divine heritage dramatically boosts your attributes as you level up.


Message History

Things that are here:
a +0 short sword of speed; a kobold corpse You reach down and open the door.
There is an open door here.
You pick up a book of Pain and begin reading...
You add the spells Pain, Agony and Excruciating Wounds to your library.
Found a stone staircase leading up.
Found 13 sling bullets.
No target in view!
Found a stone staircase leading up.
Sigmund the Dreaded comes into view.
He is wielding a +0 scythe.
Sigmund is nearby!
Okay, then.
Okay, then.
It was a potion of attraction.
You feel attractive to monsters.
You start waiting.
You feel less attractive to monsters.
It was a potion of berserk rage.
A red film seems to cover your vision as you go berserk!
You feel yourself moving faster!
You feel mighty!
You feel a strong urge to attack something.
Sigmund shouts!
Sigmund points at you and mumbles some strange words.
You are confused.
You completely miss Sigmund.
You bump into the rock wall.
Sigmund hits you with a +0 scythe.
You punch Sigmund!
Sigmund is moderately wounded.
You are no longer berserk.
You are exhausted.
You feel yourself slow down.
Sigmund points at you and mumbles some strange words.
The magic dart hits you! Sigmund casts a spell at you.
You are more confused.
You bump into the rock wall.
Sigmund hits you from afar with a +0 scythe!
Sigmund hits you with a +0 scythe!
You die...

######## #.#
#......# ..
...#.#.##### ..###
...#.#.....#####....
..........<..... ..
.#.####..#####(##.#
.#.#.........#.#..#
......####.....#..#
###...##........@##
#...+.........@#
###...#....#####.#
......#...<. #.#
......#.#### #..
......#. ###.
......#. .# ......#
# ......#


You could see Sigmund.

Vanquished Creatures
  3 adders (D:2)
  A worm (D:2)
  2 dart slugs (D:1)
  5 endoplasms
  A goblin (D:1)
  2 hobgoblins (D:1)
  2 quokkas (D:1)
  2 ball pythons
  5 bats
  3 kobolds
  2 rats (D:1)
28 creatures vanquished.

Notes
Turn   | Place    | Note
-------+----------+-------------------------------------------
     0 | D:1      | Froggeryz the Demigod Transmuter began the quest for the
                  | Orb.
     0 | D:1      | Reached XP level 1. HP: 15/15 MP: 5/5
    53 | D:1      | Reached skill level 1 in Fighting
   399 | D:1      | Reached skill level 3 in Unarmed Combat
   603 | D:1      | Reached XP level 2. HP: 23/23 MP: 7/7
  1390 | D:2      | Reached XP level 3. HP: 7/28 MP: 8/8
  1650 | D:2      | Found Lovoha's Jewellery Shoppe.
  2020 | D:2      | Identified the +5 ring mail "Zaymmad" {rF- Will+ Int+3}
  2192 | D:2      | Noticed Sigmund
  2237 | D:2      | Slain by Sigmund

Illustrated notes

Levels and vault maps discovered:
D:1:      amcnicky_arrival_single_pillar, layout_basic,
          shapermc_ecumenical_altar_venn, minmay_pentomino_p4
D:2:      layout_basic, serial_shops, nicolae_diamond_shop, minivault_14,
          uniq_sigmund

Skill      XL: |  1  2  3 |
---------------+----------+-----
Fighting       | 1 |  1.6
Dodging        | 2 |  2.0
Unarmed Combat | 3 |  3.5
Transmutations | 2 |  2.1
Spellcasting   | 2 |  2.1

Action                   || total
-------------------------++-------
Melee: Unarmed           ||   118
       Punch             ||     2
       Kick              ||     4
       Headbutt          ||     1
 Cast: Beastly Appendage ||     3
  Use: Scroll            ||     2
       Potion            ||     2
 Stab: Sleeping          ||     3
Armor: Robe              ||    23
Dodge: Dodged            ||    96
